 Dungeon Crawl Stone Soup version 0.17-a0-1793-gcbb3aa1 (webtiles) character file.

7190 Medar the Covert (level 11, -8/63 HPs)
             Began as an Octopode Transmuter on Sept 9, 2015.
             Was an Elder of Vehumet.
             Mangled by a freezing wraith (13 damage)
             ... in an ice cave.
             The game lasted 01:06:25 (16733 turns).

Medar the Covert (Octopode Transmuter)             Turns: 16733, Time: 01:06:25

Health: -8/63      AC:  3    Str: 10 (12) XL:     11   Next: 11%
Magic:  19/23      EV: 21    Int: 18      God:    Vehumet [****..]
Gold:   365        SH:  8    Dex: 18      Spells: 9 memorised, 2 levels left

rFire  + . .     SeeInvis +       - Unarmed
rCold  + . .     Clarity  .     z - +3 buckler {rN+}
rNeg   + + +     SustAt   .     G - +2 hat
rPois  .         Gourm    .     n - amulet of warding
rElec  .         Spirit   .     g - +3 ring of evasion
rCorr  .         Warding  +     k - ring of protection from fire
rMut   .         Rnd*Tele +     E - ring of protection from cold
MR     .....                    S - ring of positive energy
Stlth  +++++++++.               (no ring)
                                (no ring)
                                (no ring)
                                (no ring)

@: agile, studying Stealth, not resistant to hostile enchantments, incredibly
stealthy
A: almost no armour, amphibious, 8 rings, constrict 8, camouflage 1, see
invisible, slow healing 1, strong 1, teleportitis 1, gelatinous body 1
a: Renounce Religion


You were in an ice cave.
You worshipped Vehumet.
Vehumet was greatly pleased with you.
You were hungry.

You visited 3 branches of the dungeon, and saw 11 of its levels.
You also visited: Ice Cave.

You collected 672 gold pieces.
You spent 307 gold pieces at shops.

Inventory:

Hand weapons
 b - a +0 blowgun
Missiles
 f - 6 curare-tipped needles
 i - 73 poisoned needles
 j - 15 arrows of frost
 w - 65 arrows
 J - a javelin
 L - 10 tomahawks (quivered)
 M - 15 arrows of flame
Armour
 z - a +3 buckler of positive energy (worn)
 G - a +2 hat (worn)
Jewellery
 g - a +3 ring of evasion (left tentacle)
 k - a ring of protection from fire (right tentacle)
 n - an amulet of warding (around mantle)
 E - a ring of protection from cold (on tentacle)
 S - a ring of positive energy (on tentacle)
Magical devices
 a - a wand of cold (13)
 y - a wand of frost (30)
 F - a wand of frost (23)
 K - a wand of frost (17)
Scrolls
 m - a scroll of noise {unknown}
 p - a scroll of amnesia
 q - a scroll of enchant weapon {unknown}
 r - 5 scrolls of remove curse {@r1}
 Q - 2 scrolls of enchant armour
Potions
 e - 2 potions of brilliance
 h - 3 potions of might
 v - 3 potions of flight
 D - a potion of magic {unknown}
 H - a potion of resistance
 O - a potion of lignification
 R - a potion of degeneration
Books
 N - a manual of Stealth
Miscellaneous
 x - a crystal ball of energy
Comestibles
 c - 5 bread rations {@e1}
 s - 5 meat rations {@e2}
 P - a beef jerky


   Skills:
 - Level 1.3 Fighting
 - Level 2.0 Dodging
 + Level 14.0 Stealth
 - Level 4.0 Shields
 - Level 4.9 Unarmed Combat
 - Level 8.0 Spellcasting
 - Level 5.7 Conjurations
 - Level 7.9 Transmutations
 - Level 2.4 Fire Magic
 - Level 3.1 Ice Magic
 - Level 2.1 Air Magic
 - Level 2.1 Poison Magic


You had 2 spell levels left.
You knew the following spells:

 Your Spells              Type           Power        Failure   Level  Hunger
c - Shock                 Conj/Air       ###.         1%          1    None
d - Sticks to Snakes      Trmt           #####.....   1%          2    None
f - Spider Form           Trmt/Pois      ####......   3%          3    #......
g - Ice Form              Ice/Trmt       ####....     12%         4    ###....
h - Blade Hands           Trmt           #####.....   14%         5    #####..
j - Mephitic Cloud        Conj/Pois/Air  ###.....     2%          3    #......
s - Beastly Appendage     Trmt           #####.       1%          1    None
v - Sticky Flame          Conj/Fire      ###.....     5%          4    ###....
x - Sting                 Conj/Pois      ###.         1%          1    None


Dungeon Overview and Level Annotations

Branches:
Dungeon (8/15)             Temple (1/1) D:6            Lair (2/8) D:8

Altars:
Ashenzari
Cheibriados
Dithmenos
Elyvilon
Fedhas
Gozag
Kikubaaqudgha
Makhleb
Nemelex Xobeh
Okawaru
Qazlal
Ru
Sif Muna
Trog
Vehumet
Xom
Yredelemnul
Zin
The Shining One

Shops:
D:6 *

Annotations:
Lair:2 Gastronok IceCv exclusion: ice statue


Innate Abilities, Weirdness & Mutations

You cannot wear most types of armour.
You are amphibious.
You can wear up to eight rings at the same time.
You can use your tentacles to constrict eight enemies at once.
Your skin changes colour to match your surroundings (Stealth).
Your rubbery body absorbs attacks (AC +1).
You have supernaturally acute eyesight.
You heal slowly when monsters are visible.
Your muscles are strong. (Str +2)
You are occasionally teleported to nearby monsters.


Message History

Okay, then.
Unknown command.
Press: ? - help, v - describe, . - travel
Here: a spriggan simulacrum The floor.
Unknown command.
You aren't carrying or standing over any spellbooks.
Drink which item? (? for menu, Esc to quit)
You feel agile all of a sudden. The freezing wraith closely misses you.
The freezing wraith hits you.
* * * LOW HITPOINT WARNING * * *
You block the freezing wraith's attack. The freezing wraith hits you!
* * * LOW HITPOINT WARNING * * *
You block the spriggan simulacrum's attack.
The freezing wraith misses you. You block the freezing wraith's attack.
You feel a little less clever now. The freezing wraith barely misses you.
The freezing wraith closely misses you. The spriggan simulacrum misses you.
The freezing wraith hits you!
You die...

#.......##....##..
##.....####..#####
#......# #### #
##....## ###
#...## ##.##
##..## ### #...##
#..## ##.##
#..W.####..#
##...#####
#..#...#@..#
#..#.....##
#.Y##..W..##
##..##.Z...#
##W###...##
#..###.Y...#
#Z.###### ##..#
#....Y. ##..##
#..###.......
#Y..## ##..#
#....... ##...##
#..## #......#
##...####Y##
#......#
##...##..#
#..#...##


You could see a freezing wraith.

Vanquished Creatures
  A spiny frog (Lair:1)
  2 komodo dragons (Lair:1)
  9 yaks
  2 hippogriffs (Lair:1)
  Grum (Lair:1)
  A basilisk (Lair:1)
  A death yak simulacrum (IceCv)
  A porcupine (Lair:1)
  2 wolves (Lair:1)
  2 orc warriors (D:8)
  A water moccasin (Lair:1)
  3 sky beasts (D:7)
  6 ice beasts
  2 ogres
  3 centaurs
  A crocodile (Lair:1)
  A big kobold (D:4)
  2 giant frogs
  2 scorpions (D:6)
  6 killer bees (D:7)
  An elephant simulacrum (IceCv)
  9 wights
  3 crimson imps
  2 giant frog skeletons
  A draconian simulacrum (IceCv)
  A giant frog zombie (D:7)
  2 orc wizards
  A quasit (D:6)
  9 worker ants
  4 hounds
  2 jellies
  An orc priest (D:4)
  Terence (D:2)
  Natasha (thrice) (D:2)
  4 iguanas
  2 wolf simulacra (IceCv)
  A troll simulacrum (IceCv)
  An ogre simulacrum (IceCv)
  14 adders
  10 gnolls
  A river rat (Lair:1)
  5 white imps (IceCv)
  5 shadow imps
  2 oozes
  3 adder skeletons
  2 adder zombies
  2 worms (D:3)
  7 giant geckos
  18 orcs
  A ball python (D:2)
  7 giant cockroaches
  32 goblins
  37 hobgoblins
  4 jackals (D:1)
  4 quokkas
  11 bats
  A giant gecko skeleton (D:8)
  4 giant newts
  10 kobolds
  8 rats
285 creatures vanquished.

Vanquished Creatures (collateral kills)
  A freezing wraith (IceCv)
  A water moccasin (Lair:1)
  A giant frog (D:7)
  A scorpion (D:6)
  3 adders (D:2)
  A ball python (D:2)
  A giant cockroach (D:2)
  A hobgoblin (D:2)
  A giant newt (D:5)
11 creatures vanquished.

Vanquished Creatures (others)
  An orc priest (D:3)
  4 orcs (D:3)
  7 fungi (Lair:1)
12 creatures vanquished.

Grand Total: 308 creatures vanquished

Notes
Turn   | Place    | Note
--------------------------------------------------------------
     0 | D:1      | Medar the Octopode Transmuter began the quest for the Orb.
     0 | D:1      | Reached XP level 1. HP: 13/13 MP: 3/3
   278 | D:1      | Reached XP level 2. HP: 9/18 MP: 3/5
   626 | D:1      | Found a sparkling altar of Nemelex Xobeh.
   668 | D:1      | Learned a level 2 spell: Sticks to Snakes
   801 | D:1      | Reached skill level 4 in Unarmed Combat
   807 | D:1      | Reached XP level 3. HP: 8/23 MP: 0/6
  1498 | D:2      | Learned a level 3 spell: Spider Form
  1626 | D:2      | Reached XP level 4. HP: 26/28 MP: 5/7
  1853 | D:2      | Noticed Terence
  1867 | D:2      | Reached skill level 1 in Poison Magic
  2675 | D:2      | Noticed Natasha
  2693 | D:2      | Killed Natasha
  2693 | D:2      | Reached XP level 5. HP: 10/33 MP: 1/8
  3234 | D:2      | Noticed Natasha
  3240 | D:2      | Killed Natasha
  3551 | D:3      | Reached skill level 1 in Stealth
  3887 | D:3      | Found a sparkling altar of Nemelex Xobeh.
  4864 | D:4      | Reached XP level 6. HP: 33/38 MP: 5/9
  5841 | D:5      | Entered Level 5 of the Dungeon
  5956 | D:5      | Reached XP level 7. HP: 30/43 MP: 6/12
  5962 | D:5      | Learned a level 4 spell: Ice Form
  6158 | D:5      | Reached skill level 1 in Ice Magic
  6284 | D:5      | Reached skill level 5 in Transmutations
  6572 | D:2      | Noticed Natasha
  6578 | D:2      | Killed Natasha
  6722 | D:2      | Killed Terence
  6928 | D:6      | Noticed thrall606's ghost (average DsAK)
  7119 | D:6      | Found a shimmering altar of Xom.
  7258 | D:6      | Found Masur's General Store.
  7309 | D:6      | Bought a +2 buckler of positive energy for 277 gold pieces
  7309 | D:6      | Bought a scroll of identify for 30 gold pieces
  7361 | D:6      | Reached skill level 1 in Shields
  7513 | D:6      | Reached XP level 8. HP: 26/48 MP: 10/13
  7862 | D:6      | Found a staircase to the Ecumenical Temple.
  7868 | Temple   | Entered the Ecumenical Temple
  7961 | Temple   | Became a worshipper of Vehumet
  8698 | D:7      | Reached skill level 6 in Transmutations
  9029 | D:7      | Gained mutation: You can translocate small distances at will. [mutagenic meat]
  9033 | D:7      | Gained mutation: Your muscles are strong. (Str +2) [mutagenic meat]
  9034 | D:7      | Gained mutation: You heal slowly when monsters are visible. [mutagenic meat]
  9035 | D:7      | Gained mutation: You have supernaturally acute eyesight. [mutagenic meat]
  9325 | D:7      | Learned a level 5 spell: Blade Hands
  9416 | D:7      | Reached skill level 5 in Spellcasting
  9416 | D:7      | Reached XP level 9. HP: 25/53 MP: 14/16
  9643 | D:7      | Reached skill level 7 in Transmutations
  9650 | D:7      | Acquired Vehumet's first power
  9650 | D:7      | Offered knowledge of Sting by Vehumet.
  9654 | D:7      | Learned a level 1 spell: Sting
  9822 | D:7      | Reached skill level 1 in Conjurations
  9930 | D:6      | Gained mutation: You are occasionally teleported to nearby monsters. [mutagenic meat]
  9931 | D:6      | Lost mutation: You can translocate small distances at will. [mutagenic meat]
 10465 | D:4      | Offered knowledge of Shock by Vehumet.
 10472 | D:4      | Learned a level 1 spell: Shock
 11137 | D:3      | Offered knowledge of Mephitic Cloud by Vehumet.
 12100 | D:6      | Learned a level 3 spell: Mephitic Cloud
 12393 | D:7      | Acquired Vehumet's second power
 12902 | D:8      | Reached skill level 5 in Conjurations
 13303 | D:8      | Reached XP level 10. HP: 36/58 MP: 16/19
 13471 | D:8      | Found a staircase to the Lair.
 13527 | D:8      | Offered knowledge of Sticky Flame by Vehumet.
 13651 | D:8      | Found a glowing silver altar of Zin.
 14037 | Lair:1   | Entered Level 1 of the Lair of Beasts
 14105 | Lair:1   | Reached skill level 8 in Spellcasting
 14116 | Lair:1   | Learned a level 4 spell: Sticky Flame
 14208 | Lair:1   | Noticed Grum
 14217 | Lair:1   | Reached skill level 1 in Fire Magic
 14916 | Lair:1   | Reached skill level 5 in Stealth
 15422 | Lair:1   | Reached skill level 10 in Stealth
 15805 | Lair:1   | Killed Grum
 15805 | Lair:1   | Reached skill level 11 in Stealth
 15954 | Lair:2   | Noticed Gastronok
 16075 | Lair:2   | Found a frozen archway.
 16086 | IceCv    | Entered an ice cave
 16108 | IceCv    | Reached skill level 12 in Stealth
 16108 | IceCv    | Reached XP level 11. HP: 15/63 MP: 2/23
 16205 | IceCv    | Acquired Vehumet's third power
 16212 | IceCv    | Reached skill level 13 in Stealth
 16620 | IceCv    | Noticed an ice statue
 16624 | IceCv    | Reached skill level 14 in Stealth
 16663 | IceCv    | Noticed a necromancer
 16721 | IceCv    | HP: 3/63 [freezing wraith (7)]
 16733 | IceCv    | Mangled by a freezing wraith

Vault maps used:
D:1:      sevenhm_arrival_forest_fort_small_3, serial_glass, glass_columns_b,
          glass_columns_b, nemelex_diamond_rough_becter
D:2:      kennysheep_six_static_rooms, first_bread, uniq_natasha, uniq_terence
D:3:      nemelex_altar_shiori
D:4:      minmay_goblin_kobold_castle
D:5:      hangedman_decor_opposing
D:6:      lemuel_ice_spiral_2, minmay_temple_entry_hall, serial_shops, shop,
          basic_altar, minmay_misc_feat_cross
D:8:      zin_statuary, lair_0_dummy
Temple:   kilobyte_greek_temple_18
Lair:1:   beast_lair_carwin_2, uniq_grum
Lair:2:   kennysheep_rathole, portal_ice_cave_entry_pillars_01,
          grunt_forest_large_clearings, uniq_gastronok
IceCv:    ice_cave_small_necro

Action                   |  1- 3 |  4- 6 |  7- 9 | 10-12 || total
-------------------------+-------+-------+-------+-------++-------
Melee: Unarmed           |    68 |   168 |   425 |   127 ||   788
 Fire: Blowgun           |       |       |    24 |    30 ||    54
Throw: Javelin           |       |       |     1 |       ||     1
       Tomahawk          |       |       |       |     1 ||     1
 Cast: Beastly Appendage |    21 |    22 |    18 |     1 ||    62
       Sticks to Snakes  |     3 |    15 |    29 |    14 ||    61
       Spider Form       |       |    10 |    24 |       ||    34
       Ice Form          |       |       |     5 |     6 ||    11
       Sting             |       |       |    12 |    61 ||    73
       Shock             |       |       |     5 |    11 ||    16
       Blade Hands       |       |       |     5 |     3 ||     8
       Mephitic Cloud    |       |       |     3 |    11 ||    14
       Sticky Flame      |       |       |       |    17 ||    17
 Abil: End Transformatio |       |       |     3 |       ||     3
Evoke: Wand              |       |       |     2 |     1 ||     3
  Use: Scroll            |     2 |     2 |     6 |     7 ||    17
       Potion            |       |       |     3 |    13 ||    16
 Stab: Sleeping          |    10 |     8 |     6 |       ||    24
       Distracted        |       |       |     3 |     1 ||     4
       Confused          |       |       |     2 |       ||     2
       Invisible         |       |       |       |     1 ||     1
  Eat: Chunk             |     3 |    14 |    22 |    11 ||    50
       Pizza             |       |     1 |     1 |     1 ||     3
       Beef jerky        |       |       |     2 |     1 ||     3
       Meat ration       |       |       |     2 |       ||     2
